 Dungeon Crawl Stone Soup version 0.27.1-4-g1640c2035a (webtiles) character file.

Game seed: 5770635792386192226

2 Findor the Firebug (level 1, -3/11 HPs)
             Began as an Octopode Fire Elementalist on Nov 18, 2021.
             Slain by a hobgoblin (4 damage)
             ... on level 1 of the Dungeon.
             The game lasted 00:00:18 (72 turns).

Findor the Firebug (Octopode Fire Elementalist)       Turns: 72, Time: 00:00:19

Health: -3/11      AC:  1    Str:  7    XL:     1   Next: 40%
Magic:  1/3        EV: 13    Int: 17    God:
Gold:   12         SH:  0    Dex: 12    Spells: 3/4 levels left

rFire    . . .     SeeInvis .   (no weapon)
rCold    . . .     Faith    .   (no shield)
rNeg     . . .     Spirit   .   (helmet restricted)
rPois    .         Reflect  .   (no amulet)
rElec    .         Harm     .   (no ring)
rCorr    .         Rampage  .   (no ring)
Will     .....                  (no ring)
Stlth    +++.......             (no ring)
HPRegen  0.03/turn              (no ring)
MPRegen  0.08/turn              (no ring)
                                (no ring)
                                (no ring)

@: no status effects
A: almost no armour, amphibious, 8 rings, camouflage 1, gelatinous body 1,
(nimble swimmer 1), tentacles
a: no special abilities


You were on level 1 of the Dungeon.
You visited 1 branch of the dungeon, and saw 1 of its levels.

You collected 12 gold pieces.


Innate Abilities, Weirdness & Mutations

You cannot wear most types of armour.
You are amphibious.
You can wear up to eight rings at the same time.
Your skin changes colour to match your surroundings (Stealth+).
Your rubbery body absorbs attacks. (AC +1, EV +1)
((You are camouflaged near water. (Stealth+)))
You have tentacles for arms and can constrict up to eight enemies at once.


   Skills:
 - Level 2.0 Dodging
 - Level 2.6 Stealth
 + Level 2.0 Spellcasting
 + Level 1.1 Conjurations
 * Level 3.1 Fire Magic


You had 3 spell levels left.
You knew the following spells:

 Your Spells              Type           Power      Damage    Failure   Level
a - Foxfire               Conj/Fire      32%        2x1d5     9%          1

Your spell library contained the following spells:

 Spells                   Type           Power      Damage    Failure   Level
 Conjure Flame            Conj/Fire      8%         6-21      24%         3
 Inner Flame              Hex/Fire       7%         N/A       30%         3
 Sticky Flame             Conj/Fire      8%         2d3       63%         4
 Fireball                 Conj/Fire      4%         3d4       92%         5

You aren't carrying anything.


Message History

You add the spells Foxfire, Conjure Flame, Inner Flame, Sticky Flame and Fireball to your library.
Options error: Bad channel -- pray (~/.crawlrc:3979) Options error: Bad channel -- food (~/.crawlrc:3982) Options error: Bad channel -- rotten_meat (~/.crawlrc:3999) Welcome, Findor the Octopode Fire Elementalist.
The bosom of this dungeon contains the transcendent artefact, the Orb of Zot.
Press ? for a list of commands and other information.
Found a staircase leading out of the dungeon.
A ball python comes into view.
Casting: Foxfire (safe; 9% risk of failure)
You miscast Foxfire.
You are very lightly contaminated with residual magic.
Nothing appears to happen.
Casting: Foxfire (safe; 9% risk of failure)
You conjure some foxfire!
The foxfire hits the ball python.
You kill the ball python!
You start resting.
Your magical contamination has completely faded away.
Found 12 gold pieces.
You now have 12 gold pieces.
A goblin comes into view. It is wielding a +0 dagger.
A goblin is nearby!
Casting: Foxfire (safe; 9% risk of failure)
You conjure some foxfire!
The foxfire hits the goblin.
The goblin shouts!
The foxfire hits the goblin.
You kill the goblin!
Found a scroll labelled RENOP RUC BESU.
A hobgoblin comes into view. It is wielding a +0 dagger.
The hobgoblin hits you with a +0 dagger.
Casting: Foxfire (safe; 9% risk of failure)
You conjure some foxfire!
The hobgoblin hits you with a +0 dagger.
* * * LOW HITPOINT WARNING * * *
The foxfire hits the hobgoblin.
The hobgoblin hits you with a +0 dagger.
* * * LOW HITPOINT WARNING * * *
Casting: Foxfire (safe; 9% risk of failure)
You conjure some foxfire!
The foxfire hits the hobgoblin but does no damage.
The hobgoblin hits you with a +0 dagger.
You die...

### #.. #.########
#........#
#################v.#####.?
#..............v@..#
#.###.###########g##
....#+# ......)§# ....#
.....#### ..#.# .### .≈..+
..8.# .≈..+ ..#.#


You could see a hobgoblin (ally target).

Vanquished Creatures
  A ball python (D:1)
  A goblin (D:1)
2 creatures vanquished.

Vanquished Creatures (others)
  6 foxfires (D:1)
6 creatures vanquished.

Grand Total: 8 creatures vanquished

Notes
Turn   | Place    | Note
-------+----------+-------------------------------------------
     0 | D:1      | Findor the Octopode Fire Elementalist began the quest for
                  | the Orb.
     0 | D:1      | Reached XP level 1. HP: 11/11 MP: 3/3
    70 | D:1      | HP: 1/11 [hobgoblin (4)]
    72 | D:1      | Slain by a hobgoblin

Levels and vault maps discovered:
D:1:      shiori_arrival_oz, layout_loops_ring,
          shapermc_ecumenical_altar_totnotflames

Action                   || total
-------------------------++-------
 Cast: Foxfire           ||     4
